 Dungeon Crawl Stone Soup version 0.24.0-1-gfbc8707122 (webtiles) character file.

Game seed: 6703848793844870329, levelgen mode: deterministic

28 Esekla the Ducker (level 3, -2/24 HPs)
             Began as an Octopode Skald on Oct 28, 2019.
             Slain by Grinder (11 damage)
             ... while paralysed by Grinder
             ... on level 3 of the Dungeon.
             The game lasted 00:03:20 (519 turns).

Esekla the Ducker (Octopode Skald)                   Turns: 519, Time: 00:03:21

Health: -2/24      AC:  1    Str: 10    XL:     3   Next: 14%
Magic:  6/6        EV:  2    Int: 15    God:
Gold:   13         SH:  0    Dex: 12    Spells: 5/6 levels left

rFire    . . .     SeeInvis .   a - +0 falchion
rCold    . . .     Gourm    .   (no shield)
rNeg     . . .     Faith    .   (helmet restricted)
rPois    .         Spirit   .   (no amulet)
rElec    .         Reflect  .   (no ring)
rCorr    .         Harm     .   (no ring)
MR       .....                  (no ring)
Stlth    ++........             (no ring)
HPRegen  0.08/turn              (no ring)
MPRegen  0.10/turn              (no ring)
                                (no ring)
                                (no ring)

@: paralysed
A: almost no armour, stealthy swim, amphibious, 8 rings, constrict 8, camouflage
1, gelatinous body 1
a: no special abilities


You were on level 3 of the Dungeon.
You were not hungry.

You visited 1 branch of the dungeon, and saw 3 of its levels.

You collected 13 gold pieces.

Inventory:

Hand Weapons
 a - a +0 falchion (weapon)
 f - a +0 dagger
 h - a +0 trident
Scrolls
 d - a scroll of noise {unknown}
 e - a scroll of teleportation {unknown}
Potions
 b - a potion of haste {unknown}
 g - a potion of heal wounds {unknown}
Comestibles
 c - 2 rations


   Skills:
 + Level 2.2 Fighting
 + Level 2.4 Long Blades
 * Level 3.2 Dodging
 + Level 0.2 Stealth
 - Level 2.0 Spellcasting
 - Level 3.0 Charms


You had 5 spell levels left.
You knew the following spells:

 Your Spells              Type           Power        Failure   Level  Hunger
a - Infusion              Chrm           ##..         6%          1    #......

Your spell library contained the following spells:

 Spells                   Type           Power        Failure   Level  Hunger
 Song of Slaying          Chrm           ##......     10%         2    ###....
 Shroud of Golubria       Chrm/Tloc      #.....       19%         2    ###....
 Regeneration             Chrm/Necr      #.........   34%         3    ###....
 Spectral Weapon          Hex/Chrm       #.......     34%         3    ###....


Dungeon Overview and Level Annotations

Branches:
Dungeon (3/15)

Altars:

Annotations:
D:3 Grinder


Innate Abilities, Weirdness & Mutations

You cannot wear most types of armour.
You are very stealthy in the water. (Stealth+)
You are amphibious.
You can wear up to eight rings at the same time.
You can use your tentacles to constrict eight enemies at once.
Your skin changes colour to match your surroundings (Stealth+).
Your rubbery body absorbs attacks. (AC +1, EV +1)


Message History

You constrict Grinder, but do no damage.
Grinder says, "Don't move a muscle."
Grinder blinks free!
You barely miss Grinder. Your grab misses Grinder.
Grinder is lightly wounded.
Grinder barely misses you.
Grinder blinks!
Grinder gestures at you.
You shrug off the repeated paralysis!
Grinder blinks!
You hit Grinder. You grab Grinder. You squeeze Grinder.
Grinder is moderately wounded.
You constrict Grinder. Grinder misses you.
You hit Grinder but do no damage.
Grinder is moderately wounded.
You constrict Grinder. Grinder gestures at you.
You suddenly lose the ability to move!
You lose your grip on Grinder.
Grinder blinks!
Grinder hits you!
You die...

.....##.######.#####.# .
#.....(# ##...## #.#
#.###.###..####..<..###.#
...... #.)((...........#
...5)###..####.....#####
#.....## ##...## #.#.###
##.##
######.#.#########.#
......)..5@........#
.........###########
.#####.### #. #. #. .. ##


You could see Grinder.

Vanquished Creatures
  An adder (D:3)
  An ooze (D:3)
  An orc (D:3)
  3 bats
  A goblin (D:3)
  A hobgoblin (D:3)
  3 kobolds
  3 rats
14 creatures vanquished.

Notes
Turn   | Place    | Note
-------+----------+-------------------------------------------
     0 | D:1      | Esekla the Octopode Skald began the quest for the Orb.
     0 | D:1      | Reached XP level 1. HP: 14/14 MP: 3/3
   126 | D:3      | Reached XP level 2. HP: 19/19 MP: 5/5
   366 | D:3      | Reached XP level 3. HP: 23/24 MP: 6/6
   488 | D:3      | Noticed Grinder
   499 | D:3      | Paralysed by Grinder for 7 turns
   514 | D:3      | Paralysed by Grinder for 7 turns
   519 | D:3      | Slain by Grinder

Levels and vault maps discovered:
D:1:      lightli_arrival_quake, layout_rooms, kennysheep_flooded_box
D:2:      layout_rooms
D:3:      layout_loops_ring, chequers_ecumenical_altar_simple, tso_metal_star,
          uniq_grinder

Skill      XL: |  1  2 |
---------------+-------+-----
Dodging        | 3 |  3.2
Fighting       | |  2.2
Long Blades    | |  2.4
Stealth        | |  0.2
Spellcasting   | |  2.0
Charms         | |  3.0

Action                   || total
-------------------------++-------
Melee: Falchion          ||    27
       Constrict         ||     8
       Tentacles         ||     6
       Dagger            ||     1
 Stab: Sleeping          ||     1
Armor: Skin              ||     2
Dodge: Dodged            ||    23
       Rpst.: Falchion   ||     6
